 Dungeon Crawl Stone Soup version 0.13-a0-2808-gda3a3b1 (webtiles) character file.

213 Malachi the Ruinous (level 4, -1/34 HPs)
             Began as a Djinni Conjurer on Aug 25, 2013.
             Slain by a hobgoblin
             ... wielding a +0,+0 club
              (3 damage)
             ... on Level 3 of the Dungeon.
             The game lasted 00:02:31 (2098 turns).

Malachi the Ruinous (Djinni Conjurer)               Turns: 2098, Time: 00:02:31

HP  -1/34        AC  2     Str  8      XL: 4   Next:  3%
MP   0/0         EV 12     Int 17      God:
Gold 143         SH  0     Dex 13      Spells:  1 memorised,  4 levels left

Res.Fire  : + + +   See Invis. : .   (no weapon)
Res.Cold  : x . .   Warding    : .   a - +0 robe
Life Prot.: + + +   Conserve   : .   (no shield)
Res.Poison: .       Res.Corr.  : .   (no helmet)
Res.Elec. : .       Clarity    : .   (no cloak)
Sust.Abil.: . .     Spirit.Shd : .   (no gloves)
Res.Mut.  : .       Stasis     : .   (boots unavailable)
Res.Rott. : .       Flight     : .   (no amulet)
Saprovore : . . .                    (no ring)
                                     (no ring)

@: very slightly contaminated, slightly resistant to hostile enchantments,
unstealthy
A: fire immunity, cold vulnerability, life protection 3
a: no special abilities


You were on level 3 of the Dungeon.
You were not hungry.

You visited 1 branch of the dungeon, and saw 3 of its levels.

You collected 123 gold pieces.

Inventory:

Missiles
 i - 2 poisoned needles
Armour
 a - a +0 robe (worn)
Scrolls
 j - 2 scrolls of magic mapping {unknown}
 k - 2 scrolls of curse jewellery {unknown}
 l - a scroll of recharging {unknown}
 n - a scroll of curse weapon {unknown}
 o - a scroll of fog {unknown}
 q - a scroll of amnesia {unknown}
Potions
 b - 5 potions of curing {unknown}
 d - 3 potions of restore abilities {unknown}
 e - 2 potions of slowing {unknown}
 f - a potion of flight {unknown}
 g - a potion of degeneration {unknown}
 h - 3 potions of heal wounds {unknown}
 m - a potion of speed {unknown}
 p - a potion of might {unknown}
Books
 c - a book of Conjurations

   Spells                             Type                      Level
   *Magic Dart                        Conjuration                  1
   Searing Ray                        Conjuration                  2
   Dazzling Spray                     Conjuration/Hexes            3
   Iskenderun's Mystic Blast          Conjuration                  4
   Iskenderun's Battlesphere          Conjuration/Charms           4
   Fulminant Prism                    Conjuration/Hexes            5


   Skills:
 - Level 1.7 Dodging
 - Level 1.5 Stealth
 - Level 1.2 Spellcasting
 * Level 6.2 Conjurations


You had 4 spell levels left.
You knew the following spells:

 Your Spells              Type           Power        Failure   Level  Hunger
a - Magic Dart            Conj           ###.         1%          1    ##.....


Dungeon Overview and Level Annotations

Branches:
Dungeon (3/27)

Altars:


Innate Abilities, Weirdness & Mutations

You are immune to all types of fire, even holy and hellish.
You are vulnerable to cold.
You need no food.
You have no legs.
You are immune to negative energy.


Message History

Confirm with . or Enter, or press ? or * to list all spells.
You don't have enough magic to cast that spell.
Unknown command.
You see here a hobgoblin corpse.
Found two stone staircases leading down.
Things that are here:
an orcish short sword; 2 darts; a kobold corpse A hobgoblin comes into view.
It is wielding a club.
The hobgoblin shouts!
Found an elven robe.
There is a stone staircase leading down here.
Casting: Magic Dart
Confirm with . or Enter, or press ? or * to list all spells.
Aiming: Magic Dart
Press: ? - help, Shift-Dir - straight line, f/p - worm
Aim: a worm (lightly wounded)
The magic dart hits the worm.
The worm is lightly wounded.
The hobgoblin hits you with a club.
You die...

### ######### #..
.......###.###
#....... ....###
#.#.##.# #.%...#
#....#.###<#.# #
##g...#.##)..(#.#.
#@......w..%...?.)
#........#..(!#.##
#.......###.#.# #
##....#.# #.#.#
#....#.# #.#.#
#.>..#.# #.#.#
...#.... ).#.#
#..###... ....#
[.. .## #####


You could see a worm and a hobgoblin.

Vanquished Creatures
  3 adders (D:2)
  6 bats
  9 goblins
  6 hobgoblins
  A quokka (D:2)
  3 giant cockroaches (D:1)
  A giant gecko (D:1)
  2 giant newts
  3 kobolds
  7 rats
41 creatures vanquished.

Notes
Turn   | Place    | Note
--------------------------------------------------------------
     0 | D:1      | Malachi, the Djinni Conjurer, began the quest for the Orb.
     0 | D:1      | Reached XP level 1. HP: 14/14 MP: 0/0
   435 | D:1      | Reached XP level 2. EP: 13/21
   541 | D:1      | Reached skill level 5 in Conjurations
  1200 | D:2      | Reached XP level 3. EP: 16/26
  1969 | D:2      | Reached skill level 6 in Conjurations
  2076 | D:3      | Reached XP level 4. EP: 17/34
  2098 | D:3      | Slain by a hobgoblin

Action                   |  1- 3 |  4- 6 || total
-------------------------+-------+-------++-------
 Cast: Magic Dart        |    78 |     9 ||    87
